 Dungeon Crawl Stone Soup version 0.18-a0-738-g888b110 (webtiles) character file.

43582 Arkorax the Blocker (level 13, -4/107 HPs)
             Began as a Black Draconian Monk on Dec 11, 2015.
             Was the Champion of Kikubaaqudgha.
             Slain by a crocodile (12 damage)
             ... on level 7 of the Lair of Beasts.
             The game lasted 00:48:54 (27718 turns).

Arkorax the Blocker (Black Draconian Monk)         Turns: 27718, Time: 00:48:54

Health: -4/107     AC: 11    Str: 14    XL:     13   Next: 91%
Magic:  14/21      EV: 12    Int: 12    God:    Kikubaaqudgha [******]
Gold:   1061       SH: 17    Dex: 17    Spells: 2 memorised, 12 levels left

rFire  . . .     SeeInvis .       - Unarmed
rCold  . . .     Clarity  .     (armour unavailable)
rNeg   . . .     SustAt   .     x - +4 shield {reflect}
rPois  +         Gourm    .     (helmet restricted)
rElec  +         Spirit   .     (no cloak)
rCorr  .         Dismiss  .     J - +0 pair of gloves
rMut   .         Stasis   .     G - +0 pair of boots
MR     .....                    k - amulet of rage
Stlth  ++........               y - ring of poison resistance
                                o - +1 ring of protection

@: exhausted, slowed, drained, very slow, not resistant to hostile enchantments,
unstealthy
A: breathe lightning, unfitting armour, electricity resistance, cold-blooded, AC
+8
a: Breathe Lightning, Receive Corpses, Torment, Brand Weapon With Pain, Receive
Necronomicon, Renounce Religion, Evoke Berserk Rage


You were on level 7 of the Lair of Beasts.
You worshipped Kikubaaqudgha.
Kikubaaqudgha was exalted by your worship.
You were hungry.

You visited 3 branches of the dungeon, and saw 19 of its levels.
You also visited: Labyrinth and Ice Cave.

You collected 1061 gold pieces.

Inventory:

Hand Weapons
 O - a +3 whip of electrocution
Armour
 x - a +4 shield of reflection (worn)
 G - a +0 pair of boots (worn)
 J - a +0 pair of gloves (worn)
Rods
 U - a +4 lightning rod (9/9)
   (You found it in a labyrinth)
Jewellery
 c - an uncursed ring of ice {unknown}
 d - an uncursed amulet of stasis
 k - an amulet of rage (around neck)
 o - a +1 ring of protection (left hand)
 y - a ring of poison resistance (right hand)
 z - an uncursed amulet of the gourmand {unknown}
 A - the amulet of Cekugob {Dismiss -Tele rElec rPois rN++ AC+1 EV+1}
   (You found it in a labyrinth)

   [amulet of dismissal]

   It may teleport away creatures that harm you.
   It affects your AC (+1).
   It affects your evasion (+1).
   It insulates you from electricity.
   It protects you from poison.
   It greatly protects you from negative energy.
   It prevents most forms of teleportation.
Wands
 v - a wand of lightning (10)
 F - a wand of slowing (33)
 L - a wand of confusion (24)
 M - a wand of hasting (4)
 Z - a wand of paralysis (13)
Scrolls
 g - 8 scrolls of teleportation
 i - 5 scrolls of magic mapping
 l - 9 scrolls of immolation
 p - 3 scrolls of noise
 q - a scroll of fog
 r - 2 scrolls of recharging
 t - a scroll of enchant weapon
 B - 7 scrolls of remove curse
 D - 8 scrolls of identify
 I - a scroll of amnesia
Potions
 b - 8 potions of curing
 e - 2 potions of magic
 j - a potion of ambrosia
 s - 2 potions of invisibility
 u - 2 potions of lignification
 E - a potion of cure mutation
 H - 4 potions of brilliance
 Q - 4 potions of agility
 T - 3 potions of might
 X - 2 potions of berserk rage
 Y - a potion of flight
Books
 f - a book of Power

   Spells                             Type                      Level
   a - Fulminant Prism                Conjuration/Hexes            4
   b - Iskenderun's Mystic Blast      Conjuration                  4
   c - Venom Bolt                     Conjuration/Poison           5
   d - Bolt of Magma                  Conjuration/Fire/Earth       5
   e - Iron Shot                      Conjuration/Earth            6
   f - Orb of Destruction             Conjuration                  7
   g - Spellforged Servitor           Conjuration/Summoning        7
 h - a book of Annihilations

   Spells                             Type                      Level
   a - Poison Arrow                   Conjuration/Poison           6
   b - Chain Lightning                Conjuration/Air              8
   c - Lehudib's Crystal Spear        Conjuration/Earth            8
   d - Glaciate                       Conjuration/Ice              9
   e - Fire Storm                     Conjuration/Fire             9
 m - a book of the Dragon

   Spells                             Type                      Level
   a - Flame Tongue                   Conjuration/Fire             1
   b - Cause Fear                     Hexes                        4
   c - Bolt of Fire                   Conjuration/Fire             6
   d - Dragon Form                    Transmutation                7
   e - Dragon's Call                  Summoning                    9
 n - a book of Maledictions

   Spells                             Type                      Level
   a - Corona                         Hexes                        1
   b - Ensorcelled Hibernation        Hexes/Ice                    2
   c - Confuse                        Hexes                        3
   d - Tukima's Dance                 Hexes                        3
   e - Dazzling Spray                 Conjuration/Hexes            3
 P - a book of Geomancy

   Spells                             Type                      Level
   a - Sandblast                      Earth                        1
   b - Stoneskin                      Transmutation/Earth          2
   c - Passwall                       Transmutation/Earth          3
   d - Stone Arrow                    Conjuration/Earth            3
   e - Petrify                        Transmutation/Earth          4
   f - Lee's Rapid Deconstruction     Earth                        5
 S - Kikubaaqudgha's Reference Book on Unholy Rites
   (Kikubaaqudgha gifted it to you on level 10 of the Dungeon)

   Spells                             Type                      Level
   a - Agony                          Necromancy                   5
   b - Cigotuvi's Embrace             Necromancy                   5
   c - Dispel Undead                  Necromancy                   5
   d - Simulacrum                     Ice/Necromancy               6
   e - Death Channel                  Necromancy                   6
 V - a book of Clouds

   Spells                             Type                      Level
   a - Mephitic Cloud                 Conjuration/Poison/Air       3
   b - Conjure Flame                  Conjuration/Fire             3
   c - Poisonous Cloud                Conjuration/Poison/Air       6
   d - Freezing Cloud                 Conjuration/Ice/Air          6
   e - Ring of Flames                 Charms/Fire                  7
 W - a book of Transfigurations

   Spells                             Type                      Level
   a - Stoneskin                      Transmutation/Earth          2
   b - Irradiate                      Conjuration/Transmutation    5
   c - Statue Form                    Transmutation/Earth          6
   d - Hydra Form                     Transmutation                6
   e - Dragon Form                    Transmutation                7
Miscellaneous
 R - a sack of spiders {used: 1}
Comestibles
 a - a slice of pizza
 N - 2 beef jerkies


   Skills:
 - Level 8.2(7.7) Fighting
 - Level 2.6(2.2) Dodging
 - Level 1.7(1.3) Stealth
 - Level 14.1(13.5) Shields
 - Level 10.8(10.2) Unarmed Combat
 + Level 5.7(5.2) Spellcasting
 - Level 12.3(11.7) Necromancy
 * Level 6.8(6.2) Transmutations


You had 12 spell levels left.
You knew the following spells:

 Your Spells              Type           Power        Failure   Level  Hunger
a - Hydra Form            Trmt           ###.......   100%        6    #######
c - Agony                 Necr           ####....     6%          5    ######.


Dungeon Overview and Level Annotations

Branches:
Dungeon (10/15)            Temple (1/1) D:7            Lair (8/8) D:10
  Swamp (0/4) Lair:4       Spider (0/4) Lair:3        Slime (0/6) Lair:7
    Orc: D:9-12

Altars:
Ashenzari
Cheibriados
Dithmenos
Elyvilon
Fedhas
Gozag
Kikubaaqudgha
Makhleb
Nemelex Xobeh
Okawaru
Pakellas
Qazlal
Ru
Sif Muna
Trog
Vehumet
Xom
Yredelemnul
Zin
The Shining One
Jiyva

Shops:
D:10 ?

Annotations:
Lair:1 Sonja
Lair:7 1 runed door


Innate Abilities, Weirdness & Mutations

You can breathe wild blasts of lightning.
Your glossy black scales are hard (AC +8).
Your body does not fit into most forms of armour.
You are resistant to electric shocks.
You are cold-blooded and may be slowed by cold attacks.


Message History

Unknown command.
You block the crocodile's attack.
There is a stone staircase leading up here.
The crocodile barely misses you.
You climb upwards.
Level annotation: 1 runed door 8 river rats come into view.
The river rat moves out of view.
You block the river rat's attack. The river rat misses you.
There is a stone staircase leading down here.
You barely miss the crocodile. The river rat closely misses you.
The crocodile bites you.
* * * LOW HITPOINT WARNING * * *
You block the river rat's attack.
The river rat bites you but does no damage.
The river rat bites you.
* * * LOW HITPOINT WARNING * * *
The crocodile bites you!
You die...
Kikubaaqudgha rasps: "You have failed me!
Welcome... death!"

#.).....P.................
#....#..P.#.........PP.P..
#...#.....##......#..P.##.
##.#......#..........P....
#..#......#.......###.....
##................##.......
#...#P...........PP#.......
##.......rrt.....P....../..
#...##...@P#..............
##......#.(r.r.....##.##...
#.#.........r......##..##..
###.........................
#..P..........r.............
##..........................
##...........rr........PP..
#.........P......r[##..#...
###...##P..P.....###.#.##..


You could see a crocodile and 9 river rats.

Vanquished Creatures
  Maud (Lair:2)
  A minotaur (Lab)
  2 hydras
  A centaur warrior (D:10)
  Harold (Lair:3)
  Fannar (Lair:1)
  A queen ant (Lair:1)
  The ghost of Mindmaker the Markself, a novice HEHu of Okawaru (Lair:1)
  A hill giant (D:9)
  Pikel (D:8)
  8 black mambas
  13 elephants
  A torpor snail (Lair:5)
  3 spiny frogs
  A gargoyle (D:10)
  7 komodo dragons
  2 fire drakes
  2 trolls
  A two-headed ogre (D:8)
  18 blink frogs
  A polar bear (Lair:7)
  Grinder (D:4)
  A hornet zombie (D:10)
  A wyvern (Lair:5)
  Eustachio (D:4)
  The ghost of mora the Sneak, an amateur SpEn of Vehumet (D:4)
  2 basilisks
  37 yaks
  14 hippogriffs
  A hungry ghost (D:10)
  5 soldier ants (Lair:1)
  15 wolves
  14 porcupines
  11 ice beasts
  18 water moccasins
  3 orc warriors
  An eye of draining (D:6)
  3 phantoms
  2 sky beasts
  7 ogres
  A slave (D:8)
  4 centaurs
  3 big kobolds
  9 crocodiles
  6 giant frogs
  A wyvern zombie (D:9)
  2 scorpions
  2 electric eels (D:10)
  2 jellies
  2 crimson imps
  2 centaur zombies
  12 orc wizards
  A giant frog zombie (D:5)
  7 hounds
  6 orc priests
  11 iguanas
  8 hell rats (Lair:7)
  4 giant frog skeletons
  2 centaur skeletons
  8 sheep
  13 worker ants
  A killer bee zombie (D:5)
  2 hound zombies
  A worker ant zombie (D:6)
  11 adders
  3 gnolls (D:10)
  58 river rats
  2 shadow imps
  3 oozes
  An adder skeleton (D:7)
  2 worms
  5 giant geckos
  58 orcs
  4 ball pythons
  4 bats
  11 hobgoblins
  15 jackals
  4 quokkas
  4 giant cockroaches
  7 giant newts
  13 goblins
  A jackal skeleton (D:5)
  21 kobolds
  A quokka skeleton (D:7)
  24 rats
  A plant (Lair:1)
569 creatures vanquished.

Vanquished Creatures (others)
  A slave (D:8)
  An iguana (D:8)
  An orc (D:6)
  A quokka (D:8)
  21 fungi
  19 plants
44 creatures vanquished.

Grand Total: 613 creatures vanquished

Notes
Turn   | Place    | Note
--------------------------------------------------------------
     0 | D:1      | Arkorax the Draconian Monk began the quest for the Orb.
     0 | D:1      | Reached XP level 1. HP: 19/19 MP: 1/1
   329 | D:1      | Reached XP level 2. HP: 24/26 MP: 2/2
   704 | D:2      | Found a snail-covered altar of Cheibriados.
   890 | D:2      | Reached XP level 3. HP: 33/33 MP: 3/3
  1276 | D:2      | Found a sparkling altar of Nemelex Xobeh.
  1277 | D:2      | Found a deep blue altar of Sif Muna.
  1504 | D:2      | Reached skill level 5 in Unarmed Combat
  1504 | D:2      | Reached XP level 4. HP: 41/41 MP: 4/4
  2010 | D:3      | Learned a level 3 spell: Confuse
  2314 | D:3      | Reached skill level 5 in Fighting
  2475 | D:3      | Reached XP level 5. HP: 38/48 MP: 5/5
  2970 | D:4      | Noticed mora's ghost (amateur SpEn)
  2991 | D:4      | Killed mora's ghost
  2991 | D:4      | Reached XP level 6. HP: 56/56 MP: 6/6
  3232 | D:4      | Noticed Eustachio
  3254 | D:4      | Killed Eustachio
  3254 | D:4      | Reached skill level 6 in Unarmed Combat
  3254 | D:4      | Your scales start taking on a glossy black colour.
  3254 | D:4      | Gained mutation: You are resistant to electric shocks. [Black Draconian growth]
  3254 | D:4      | Reached XP level 7. HP: 62/62 MP: 7/7
  3307 | D:4      | Noticed Grinder
  3316 | D:4      | Killed Grinder
  3367 | D:4      | Found a glowing silver altar of Zin.
  3367 | D:4      | Found a shimmering altar of Xom.
  3367 | D:4      | Noticed an angel
  3549 | D:4      | Reached skill level 5 in Shields
  4032 | D:5      | Entered Level 5 of the Dungeon
  4249 | D:5      | Got a shimmering war axe
  4250 | D:5      | Identified the +6 war axe of Evil {freeze, rPois rC- rN+ MR+} (You found it on level 5 of the Dungeon)
  4277 | D:5      | Reached XP level 8. HP: 58/71 MP: 8/8
  4527 | D:5      | Reached skill level 7 in Fighting
  5922 | D:6      | Reached XP level 9. HP: 74/81 MP: 9/9
  6127 | D:7      | Reached skill level 8 in Fighting
  6766 | D:7      | Found a staircase to the Ecumenical Temple.
  6836 | Temple   | Entered the Ecumenical Temple
  6954 | Temple   | Became a worshipper of Kikubaaqudgha
  6954 | Temple   | Reached * piety under Kikubaaqudgha
  6954 | Temple   | Received a gift from Kikubaaqudgha
  6954 | Temple   | Reached ** piety under Kikubaaqudgha
  6955 | Temple   | Identified Kikubaaqudgha's Grimoire of Darkness (Kikubaaqudgha gifted it to you in the Ecumenical Temple)
  6963 | D:7      | Learned a level 1 spell: Pain
  7088 | D:8      | Reached skill level 1 in Necromancy
  7786 | D:8      | Found a basalt altar of Yredelemnul.
  7787 | D:8      | Found a burning altar of Makhleb.
  7835 | D:8      | Noticed Pikel
  7880 | D:8      | Killed Pikel
  8226 | D:8      | Reached skill level 9 in Shields
  8752 | D:9      | Reached XP level 10. HP: 88/88 MP: 10/10
  8991 | D:9      | Found a sacrificial altar of Ru.
  9173 | D:10     | Entered Level 10 of the Dungeon
  9209 | D:9      | Reached skill level 5 in Necromancy
 10115 | D:10     | Found Kynyi's Magic Scroll Shop.
 10115 | D:10     | Noticed a hill giant
 10116 | D:10     | Reached *** piety under Kikubaaqudgha
 10116 | D:10     | Received a gift from Kikubaaqudgha
 10138 | D:9      | Killed a hill giant
 10138 | D:9      | Reached skill level 10 in Shields
 10287 | D:10     | Identified Kikubaaqudgha's Reference Book on Unholy Rites (Kikubaaqudgha gifted it to you on level 10 of the Dungeon)
 10294 | D:10     | Learned a level 5 spell: Agony
 10923 | D:10     | Noticed a centaur warrior
 10955 | D:10     | Killed a centaur warrior
 11251 | D:10     | Found a staircase to the Lair.
 11355 | D:10     | Reached XP level 11. HP: 47/94 MP: 11/11
 11710 | D:10     | Reached **** piety under Kikubaaqudgha
 12355 | Lair:1   | Entered Level 1 of the Lair of Beasts
 12448 | Lair:1   | Reached skill level 11 in Shields
 12533 | Lair:1   | Found a frozen archway.
 12593 | Lair:1   | Noticed Mindmaker's ghost (novice HEHu)
 12619 | Lair:1   | Killed Mindmaker's ghost
 12873 | IceCv    | Entered an ice cave
 13070 | Lair:1   | Noticed Sonja
 13704 | Lair:1   | Reached skill level 10 in Unarmed Combat
 14027 | Lair:1   | Noticed a queen ant
 14060 | Lair:1   | Killed a queen ant
 14500 | Lair:1   | Reached ***** piety under Kikubaaqudgha
 14507 | Lair:1   | Reached skill level 12 in Shields
 15719 | Lair:2   | Reached XP level 12. HP: 99/102 MP: 12/12
 16091 | Lair:2   | Noticed Fannar
 16162 | Lair:1   | Killed Fannar
 16285 | Lair:3   | Noticed Maud
 16315 | Lair:2   | Killed Maud
 16315 | Lair:2   | Reached skill level 10 in Necromancy
 16561 | Lair:3   | Found a hole to the Spider Nest.
 17038 | Lair:3   | Noticed Harold
 17072 | Lair:3   | Killed Harold
 17167 | Lair:3   | Noticed a five-headed hydra
 17176 | Lair:3   | Killed a five-headed hydra
 17176 | Lair:3   | Reached skill level 13 in Shields
 18068 | Lair:4   | HP: 1/102 [spiny frog (10)]
 18071 | Lair:4   | Reached skill level 1 in Spellcasting
 18824 | Lair:4   | Got a brightly glowing ivory ring
 19092 | Lair:4   | Found a staircase to the Swamp.
 20434 | Lair:5   | Got a twisted war axe
 20435 | Lair:5   | Identified the +7 war axe of Egaomek {venom, rC- rN+ MP+9} (You found it on level 5 of the Lair of Beasts)
 20631 | Lair:5   | Identified the ring of Goomim {Ice rN++ Dex+6} (You found it on level 4 of the Lair of Beasts)
 20896 | Lair:6   | Reached XP level 13. HP: 49/107 MP: 17/17
 21027 | Lair:6   | Found a labyrinth entrance.
 21036 | Lab      | Entered a labyrinth
 21483 | Lab      | Learned a level 6 spell: Hydra Form
 21495 | Lab      | Got a smoking lajatang
 21513 | Lab      | Identified the cursed +1 lajatang "Hiogir" {vamp, rPois} (You found it in a labyrinth)
 22607 | Lair:6   | Reached skill level 14 in Shields
 23010 | Lair:5   | Reached ****** piety under Kikubaaqudgha
 23997 | Lair:6   | Reached skill level 1 in Transmutations
 24458 | Lair:7   | Found a runed door.
 24459 | Lair:7   | Found a viscous altar of Jiyva.
 25519 | Lair:6   | Reached skill level 5 in Spellcasting
 25718 | Lair:7   | Reached skill level 5 in Transmutations
 26277 | Lair:7   | Found a staircase to the Slime Pits.
 27174 | Lair:8   | Entered Level 8 of the Lair of Beasts
 27718 | Lair:7   | Slain by a crocodile

Vault maps used:
D:1:      minmay_arrival_statue_studded, glass_columns_b, roderic_roman_lattice
D:2:      nicolae_overflow_crystal_walls, gammafunk_temple_overflow_statue
D:3:      roderic_lattice_a
D:4:      grunt_temple_overflow_order_and_chaos_1, first_bread, uniq_eustachio,
          uniq_grinder
D:5:      corner_web_ring
D:7:      minmay_temple_entry_poolview
D:8:      minitemple, uniq_pikel
D:9:      nicolae_ru_path_of_blood
D:10:     erik_lair_island, serial_shops, shop, lightli_bailey_entry_fortress
Temple:   triangle_lava_temple_12
Lair:1:   portal_ice_cave_entry_ice_beasts, serial_bayou_lagoon_a,
          wad_woods_antlair, uniq_sonja
Lair:2:   uniq_fannar
Lair:3:   spider_nest_entry_web_field, guppyfry_lair_drakes, uniq_harold,
          uniq_maud
Lair:4:   swamp_mist_pool
Lair:6:   lab_entry_generic
Lair:7:   lemuel_ratsnest, slime_altar_2, serial_bayou_pond_a
Lair:8:   hangedman_lair_caniforms_friends, st_stairs_12
Lab:      labyrinth_spiral, nicolae_lab_starburst, lab_fountain,
          nicolae_lab_dead_end, lab_hedge
IceCv:    ice_cave_small_dragons

Action                   |  1- 3 |  4- 6 |  7- 9 | 10-12 | 13-15 || total
-------------------------+-------+-------+-------+-------+-------++-------
Melee: Unarmed           |   178 |   136 |   530 |  1487 |   820 ||  3151
 Cast: Pain              |       |       |     1 |       |       ||     1
       Agony             |       |       |       |     3 |    18 ||    21
 Abil: Evoke Berserk Rag |       |     3 |     1 |    16 |     3 ||    23
       Breathe Lightning |       |       |     2 |     4 |     1 ||     7
Evoke: Sack of spiders   |       |       |       |     1 |       ||     1
       Wand              |       |       |       |     2 |       ||     2
  Use: Scroll            |       |       |    12 |    13 |    14 ||    39
       Potion            |       |       |     2 |       |     2 ||     4
 Stab: Sleeping          |     5 |     1 |     6 |     7 |     3 ||    22
       Distracted        |       |       |     1 |     1 |       ||     2
  Eat: Chunk             |     2 |     3 |     3 |    23 |     9 ||    40
       Meat ration       |       |     1 |       |     2 |     1 ||     4
       Bread ration      |       |       |     4 |     4 |     2 ||    10
       Beef jerky        |       |       |       |     3 |       ||     3
       Pizza             |       |       |       |     1 |     4 ||     5
       Fruit             |       |       |       |     2 |       ||     2
